 Dungeon Crawl Stone Soup version 0.27.1-33-g824d729ab1 (webtiles) character file.

Game seed: 9524499197349522010

23384 jlumianski the Fighter (level 13, -2/80 HPs)
             Began as a Gargoyle Monk on Dec 17, 2021.
             Was an Elder of Qazlal.
             Slain by a skeletal warrior (14 damage)
             ... led by a skeletal warrior
             ... on level 13 of the Dungeon.
             The game lasted 01:15:11 (15626 turns).

jlumianski the Fighter (Gargoyle Monk)             Turns: 15626, Time: 01:15:15

Health: -2/80      AC: 20    Str: 24    XL:     13   Next: 6%
Magic:  13/19      EV: 17    Int: 13    God:    Qazlal [****..]
Gold:   313        SH:  5    Dex: 12    Spells: 7/13 levels left

rFire    . . .     SeeInvis +   W - +12 glaive of Prune {vorpal}
rCold    . . .     Faith    .   (shield currently unavailable)
rNeg     + + .     Spirit   .   g - +0 troll leather armour
rPois    ∞         Reflect  .   D - +2 helmet {SInv}
rElec    +         Harm     .   P - scarf {shadows}
rCorr    .         Rampage  .   (no gloves)
Will     .....                  l - +1 pair of boots
Stlth    +.........             (no amulet)
HPRegen  1.23/turn              q - ring of Xytoef {Fly rN+ Str+6}
MPRegen  0.16/turn              H - +4 ring of evasion

@: flying, very slightly contaminated, repel missiles
A: sickness immunity, AC +9, negative energy resistance 1, electricity
resistance, torment resistance 1, petrification resistance
a: Renounce Religion, Upheaval, Elemental Force


You were on level 13 of the Dungeon.
You worshipped Qazlal.
Qazlal was greatly pleased with you.
You visited 1 branch of the dungeon, and saw 14 of its levels.
You also visited: Sewer.

You collected 679 gold pieces.
You spent 366 gold pieces at shops.

Inventory:

Hand Weapons
 b - a +3 triple crossbow of freezing
 e - a +1 broad axe of flaming
 k - a +2 vampiric whip
 E - the +2 hand axe "Kikopn" {vorpal, rN+ Will+ Dex+2}
   (You found it in a sewer)

   It inflicts extra damage upon your enemies.
   Dex:       It affects your dexterity (+2).
   rN:        It protects you from negative energy.
   Will:      It increases your willpower.
 L - a +7 whip of electrocution
 W - the +12 glaive of Prune (weapon) {vorpal}
   (You found it on level 7 of the Dungeon)

   It inflicts extra damage upon your enemies.
Missiles
 c - 114 bolts
 m - 4 curare-tipped darts
 x - 48 poisoned darts (quivered)
 K - 4 throwing nets
 X - 19 boomerangs
Armour
 g - a +0 troll leather armour (worn)
 l - a +1 pair of boots (worn)
 D - a +2 helmet of see invisible (worn)
 M - the +4 scale mail of Watchfulness {MP+9 Int-4 Dex+2}
   (You took it off an orc on level 5 of the Dungeon)

   Int:       It affects your intelligence (-4).
   Dex:       It affects your dexterity (+2).
   MP:        It affects your magic capacity (+9).
 P - a scarf of shadows (worn)
 S - a +0 buckler
Magical Staves
 f - a staff of poison
Jewellery
 j - a +6 ring of intelligence
 q - the ring of Xytoef (left hand) {Fly rN+ Str+6}
   (You acquired it on level 3 of the Dungeon)

   [ring of strength]

   Str:       It affects your strength (+6).
   rN:        It protects you from negative energy.
   Fly:       It grants you flight.
 H - a +4 ring of evasion (right hand)
 J - a ring of resist corrosion
Wands
 U - a wand of paralysis (25)
 Y - a wand of polymorph (18)
 Z - a wand of iceblast (16)
Scrolls
 h - 10 scrolls of teleportation
 o - 2 scrolls of identify
 r - 2 scrolls of magic mapping
 v - a scroll of enchant armour
 w - a scroll of fear
 y - 2 scrolls of enchant weapon
 B - a scroll of brand weapon
 F - a scroll of blinking
 V - a scroll of fog
Potions
 a - a potion of might
 d - 2 potions of brilliance
 i - 3 potions of curing
 n - 2 potions of attraction
 p - a potion of lignification
 t - 5 potions of heal wounds
 u - a potion of cancellation
 C - 2 potions of invisibility
 I - a potion of resistance
 N - a potion of haste
 R - a potion of berserk rage
Miscellaneous
 s - a condenser vane


   Skills:
 + Level 9.0 Fighting
 + Level 4.3(8.3) Axes
 - Level 7.2(7.9) Maces & Flails
 + Level 8.8(9.3) Polearms
 + Level 2.9 Crossbows
 + Level 1.6 Throwing
 + Level 7.4 Armour
 + Level 5.7 Dodging
 + Level 3.6 Stealth
 + Level 3.4 Shields
 + Level 0.7 Spellcasting
 + Level 0.8 Conjurations
 + Level 0.1 Transmutations
 + Level 0.3 Fire Magic
 + Level 0.3 Air Magic
 * Level 8.6 Poison Magic
 * Level 8.4 Invocations


You had 7 spell levels left.
You knew the following spells:

 Your Spells              Type           Power      Damage    Failure   Level
a - Mephitic Cloud        Conj/Pois/Air  8%         N/A       26%         3
b - Ignite Poison         Fire/Tmut/Pois 8%         N/A       28%         3

Your spell library contained the following spells:

 Spells                   Type           Power      Damage    Failure   Level
 Shock                    Conj/Air       8%         1d3       26%         1
 Freeze                   Ice            0%         1d3       32%         1
 Sandblast                Erth           0%         2d4       32%         1
 Static Discharge         Conj/Air       2%         N/A       36%         2
 Corpse Rot               Necr/Air       N/A        N/A       41%         2
 Passwall                 Tmut/Erth      0%         N/A       43%         2
 Swiftness                Air            1%         N/A       63%         3
 Frozen Ramparts          Ice            0%         1d2       67%         3
 Ozocubu's Armour         Ice            0%         N/A       67%         3
 Airstrike                Air            0%         N/A       95%         4
 Hailstorm                Conj/Ice       1%         3d3       95%         4
 Ice Form                 Ice/Tmut       0%         N/A       97%         4
 Agony                    Necr           0%         N/A       100%        5
 Bolt of Magma            Conj/Fire/Erth 0%         4d4       100%        5
 Excruciating Wounds      Necr           0%         N/A       100%        5
 Lee's Rapid Deconstruct  Erth           0%         3d5*      100%        5
 Metabolic Englaciation   Hex/Ice        0%         N/A       100%        5
 Silence                  Hex/Air        0%         N/A       100%        5
 Conjure Ball Lightning   Conj/Air       1%         3x3d6     100%        6
 Simulacrum               Ice/Necr       0%         N/A       100%        6
 Summon Horrible Things   Summ           0%         N/A       100%        8
 Polar Vortex             Ice            0%         N/A       100%        9


Dungeon Overview and Level Annotations

Branches:
Dungeon (14/15)            Temple (0/1) D:6            Lair (0/6) D:8
    Orc (0/2) D:10          Sewer (visited)
 Vaults: D:13-14

Altars:
Cheibriados
Dithmenos
Elyvilon
Fedhas
Hepliaklqana
Okawaru
Qazlal
Sif Muna
Trog
Uskayaw
Yredelemnul
Zin
The Shining One
Beogh

Shops:
D:7 =   D:8 [   D:11 ?   D:13 !


Innate Abilities, Weirdness & Mutations

You are immune to sickness and miasma.
Your stone body is resilient. (AC +9)
You are immune to poison.
You resist negative energy. (rN+)
You are resistant to electric shocks. (rElec)
You are resistant to unholy torment.
You are immune to petrification.


Message History

The skeletal warrior hits you with a +0 flail.
You block the skeletal warrior's attack.
Casting: Ignite Poison (dangerous; 28% risk of failure)
Confirm with . or Enter, or press ? or * to list all spells.
Okay, then.
Unknown command.
Press: ? - help, v - describe, . - travel
Here: a skeletal warrior, wielding a +0 dire flail (moderately damaged)
The floor.
You slice the skeletal warrior!!
The skeletal warrior is moderately damaged.
You block the skeletal warrior's attack.
The skeletal warrior completely misses you.
Casting: Ignite Poison (dangerous; 28% risk of failure)
Confirm with . or Enter, or press ? or * to list all spells.
Aiming: Mephitic Cloud (dangerous; 26% risk of failure)
Press: ? - help, Shift-Dir - straight line, f - you The ball explodes into a vile cloud!
The stinking cloud engulfs you but does no damage.
The stinking cloud engulfs the skeletal warrior but does no damage.
The skeletal warrior is moderately damaged.
The stinking cloud engulfs the skeletal warrior but does no damage.
The skeletal warrior is moderately damaged.
The skeletal warrior hits you with a +0 flail.
The skeletal warrior hits you but does no damage.
Casting: Mephitic Cloud (dangerous; 26% risk of failure)
Confirm with . or Enter, or press ? or * to list all spells.
You miscast Ignite Poison.
You are very lightly contaminated with residual magic.
Nothing appears to happen.
The skeletal warrior hits you with a +0 flail!!
* * * LOW HITPOINT WARNING * * *
The skeletal warrior barely misses you.
You slash the skeletal warrior!
The skeletal warrior is heavily damaged.
The skeletal warrior hits you with a +0 flail.
* * * LOW HITPOINT WARNING * * *
You block the skeletal warrior's attack.
The skeletal warrior hits you with a +0 flail!
You die...

#.# #.# #.# #.#### #....#
####.# ##≈##)#
####≈≈≈#.#################
.....).).......z@z.......#
##≈≈≈≈≈≈.###.###########.#
##≈≈≈≈≈.###.##....# #.#
###≈≈≈#.##...####.# #.#
#∩..)..##.....###.# #.#
#.######.......##.#####.#
#......#...^...##.......##
##).###....^>^...........<#
#≈..# ###...^...###########


You could see 2 skeletal warriors.

Vanquished Creatures
  A hydra (D:13)
  2 boulder beetles
  Erica (D:8)
  3 centaur warriors
  3 two-headed ogres
  Sonja (D:10)
  Nergalle (D:11)
  A skeletal warrior (D:13)
  Pikel (D:8)
  3 deep elf zephyrmancers (D:13)
  A deep elf pyromancer (D:13)
  A manticore (D:13)
  An ugly thing (D:13)
  5 cyclopes
  2 gargoyles
  An unseen horror (D:12)
  A kobold demonologist (D:9)
  Maggie (D:6)
  A komodo dragon (D:8)
  3 meliai
  3 trolls
  The ghost of Cheops the Poker, an amateur FoAK of Lugonu (D:4)
  4 slime creatures (D:13)
  Sigmund (D:2)
  4 shadows
  9 yaks (D:11)
  A water elemental (D:13)
  Eustachio (D:6)
  A steam dragon (D:5)
  2 vampire mosquitoes (D:10)
  A water moccasin (D:8)
  2 swamp worms (D:7)
  3 sky beasts
  2 ice beasts
  A necrophage (D:6)
  13 centaurs
  3 kobold brigands
  2 phantoms (D:4)
  2 bullfrogs (D:8)
  2 scorpions
  A water moccasin skeleton (D:5)
  5 killer bees
  4 wights (D:8)
  2 electric eels (D:13)
  A bullfrog zombie (D:6)
  6 orc priests
  2 jellies (D:7)
  A bullfrog skeleton (D:5)
  A centaur skeleton (D:4)
  An iguana (D:5)
  10 orc wizards
  Robin (D:1)
  2 howler monkey skeletons (D:5)
  A howler monkey zombie (D:10)
  8 river rats (Sewer)
  8 adders
  2 shadow imps (D:5)
  2 ufetubi
  An adder skeleton (D:4)
  3 worms
  2 dart slugs
  46 orcs
  16 endoplasms
  3 giant cockroaches
  17 goblins
  11 hobgoblins
  9 jackals (D:1)
  6 quokkas
  11 ball pythons
  8 bats
  3 frilled lizards
  27 kobolds
  21 rats
  A spectral orc (D:5)
335 creatures vanquished.

Vanquished Creatures (others)
  A fungus (D:10)
  30 plants
31 creatures vanquished.

Grand Total: 366 creatures vanquished

Notes
Turn   | Place    | Note
-------+----------+-------------------------------------------
     0 | D:1      | jlumianski the Gargoyle Monk began the quest for the Orb.
     0 | D:1      | Reached XP level 1. HP: 14/14 MP: 1/1
   132 | D:1      | Reached XP level 2. HP: 19/19 MP: 2/2
   662 | D:1      | Reached XP level 3. HP: 20/23 MP: 3/3
   731 | D:1      | Found a faded altar of an unknown god.
  1770 | D:3      | Reached XP level 4. HP: 28/29 MP: 4/4
  1833 | D:2      | Noticed Robin
  1983 | D:1      | Killed Robin
  1984 | D:1      | Reached skill level 1 in Armour
  2204 | D:2      | Noticed Sigmund
  2261 | D:3      | Reached skill level 4 in Fighting
  2507 | D:2      | Reached XP level 5. HP: 33/33 MP: 5/5
  2539 | D:2      | Learned a level 3 spell: Mephitic Cloud
  2701 | D:2      | Killed Sigmund
  2702 | D:2      | Reached skill level 1 in Throwing
  2702 | D:2      | Reached skill level 1 in Poison Magic
  2702 | D:2      | Reached XP level 6. HP: 17/38 MP: 6/6
  3504 | D:3      | Identified a scroll of acquirement
  3505 | D:3      | Acquired the ring of Xytoef {Fly rN+ Str+6}
  4286 | D:4      | Found a hide-covered altar of Uskayaw.
  4307 | D:4      | Reached XP level 7. HP: 26/44 MP: 7/7
  4526 | D:4      | Found a glowing silver altar of Zin.
  4781 | D:5      | Entered Level 5 of the Dungeon
  4826 | D:5      | Found a glowing drain.
  4862 | Sewer    | Entered a sewer
  5766 | Sewer    | Identified the +2 hand axe "Kikopn" {vorpal, rN+ Will+
                  | Dex+2}
  5885 | D:5      | Identified the +0 whip "Keras" {drain, Str+2}
  5978 | D:5      | Reached XP level 8. HP: 26/48 MP: 8/8
  6162 | D:5      | Reached skill level 5 in Maces & Flails
  6352 | D:5      | Reached skill level 5 in Fighting
  6411 | D:5      | Reached skill level 1 in Crossbows
  6487 | D:4      | Found a stormy altar of Qazlal.
  6490 | D:4      | Noticed a water elemental
  6490 | D:4      | Noticed an air elemental
  6495 | D:4      | Became a worshipper of Qazlal Stormbringer
  6495 | D:4      | Reached * piety under Qazlal
  6495 | D:4      | Reached ** piety under Qazlal
  6564 | D:4      | Found a snail-covered altar of Cheibriados.
  7070 | D:5      | Found a runed translucent gate.
  7070 | D:5      | Found a runed translucent gate.
  7070 | D:5      | Found a runed translucent gate.
  7074 | D:5      | Noticed Cheops's ghost (amateur FoAK)
  7076 | D:5      | Identified the +4 scale mail of Watchfulness {MP+9 Int-4
                  | Dex+2}
  7093 | D:5      | Found a basalt altar of Yredelemnul.
  7274 | D:4      | Killed Cheops's ghost
  7643 | D:6      | Found an iron altar of Okawaru.
  7660 | D:6      | Found a blossoming altar of Fedhas.
  7677 | D:6      | Noticed Eustachio
  7949 | D:6      | Killed Eustachio
  7950 | D:6      | Reached XP level 9. HP: 50/54 MP: 9/9
  8021 | D:6      | Reached skill level 1 in Invocations
  8132 | D:6      | Found a glowing golden altar of the Shining One.
  8162 | D:6      | Found a staircase to the Ecumenical Temple.
  8270 | D:6      | Noticed Maggie
  8288 | D:6      | Killed Maggie
  8782 | D:7      | Reached skill level 5 in Armour
  8782 | D:7      | Reached skill level 1 in Shields
  9030 | D:7      | Found the +12 glaive of Prune {vorpal}
  9080 | D:7      | Found Urphady Zusel's Jewellery Shop.
  9144 | D:7      | Reached skill level 6 in Fighting
  9238 | D:7      | Noticed a cyclops
  9245 | D:7      | Killed a cyclops
  9246 | D:7      | Reached skill level 5 in Poison Magic
  9364 | D:7      | Reached XP level 10. HP: 60/60 MP: 12/12
  9393 | D:7      | Found a shimmering blue altar of Sif Muna.
  9434 | D:7      | Found a bloodstained altar of Trog.
  9474 | D:8      | Noticed a two-headed ogre
  9478 | D:8      | Killed a two-headed ogre
  9479 | D:8      | Reached skill level 1 in Polearms
  9712 | D:8      | Noticed a centaur warrior
  9987 | D:8      | Noticed Pikel
  9993 | D:8      | Killed Pikel
 10173 | D:8      | Noticed Erica
 10189 | D:8      | Killed Erica
 10190 | D:8      | Reached skill level 7 in Fighting
 10195 | D:8      | Killed a centaur warrior
 10537 | D:8      | Reached *** piety under Qazlal
 10554 | D:8      | Reached skill level 5 in Invocations
 10708 | D:8      | Acquired a +3 triple crossbow of freezing
 10828 | D:8      | Reached XP level 11. HP: 51/67 MP: 14/14
 10986 | D:8      | Found a staircase to the Lair.
 11052 | D:8      | Found Qanithrirr's Armour Boutique.
 11352 | D:9      | Found a shadowy altar of Dithmenos.
 11353 | D:9      | Found a hazy altar of Hepliaklqana.
 11470 | D:9      | Noticed a boulder beetle
 11478 | D:9      | Killed a boulder beetle
 11799 | D:9      | Noticed a two-headed ogre
 11809 | D:9      | Killed a two-headed ogre
 12229 | D:9      | Reached skill level 5 in Polearms
 12594 | D:10     | Entered Level 10 of the Dungeon
 12766 | D:10     | Found a white marble altar of Elyvilon.
 12808 | D:10     | Found a staircase to the Orcish Mines.
 12909 | D:10     | Noticed Sonja
 13233 | D:10     | Killed Sonja
 13404 | D:11     | Noticed Nergalle
 13409 | D:11     | Killed Nergalle
 13607 | D:11     | Reached **** piety under Qazlal
 13611 | D:11     | Reached skill level 5 in Dodging
 13737 | D:11     | Found Nuetiom's Magic Scroll Shop.
 13744 | D:11     | Bought a scroll of magic mapping for 59 gold pieces
 13744 | D:11     | Bought a scroll of enchant armour for 127 gold pieces
 14164 | D:12     | Noticed a cyclops
 14170 | D:12     | Killed a cyclops
 14230 | D:12     | Reached XP level 12. HP: 65/73 MP: 17/17
 14290 | D:12     | Noticed a boulder beetle
 14296 | D:12     | Reached skill level 8 in Fighting
 14321 | D:12     | Killed a boulder beetle
 14844 | D:13     | Noticed a centaur warrior
 14853 | D:13     | Killed a centaur warrior
 14855 | D:13     | Found Gystrab's Distillery.
 14864 | D:13     | Bought a potion of heal wounds for 90 gold pieces
 14864 | D:13     | Bought a potion of heal wounds for 90 gold pieces
 14865 | D:13     | Noticed a two-headed ogre
 14876 | D:13     | Killed a two-headed ogre
 14970 | D:13     | Noticed a centaur warrior
 14991 | D:13     | Killed a centaur warrior
 15015 | D:13     | Got Muxkurgh's Compendium of the Wolf
 15020 | D:13     | Learned a level 3 spell: Ignite Poison
 15189 | D:13     | Got the Papyrus of Dhcmrlchtdj
 15196 | D:13     | Got the Papyrus of Sand
 15209 | D:13     | Got the Volume of Combed Thunderclap
 15455 | D:13     | Noticed a five-headed hydra
 15462 | D:13     | Killed a six-headed hydra
 15463 | D:13     | Reached XP level 13. HP: 46/80 MP: 9/19
 15617 | D:13     | Reached skill level 9 in Fighting
 15626 | D:13     | Slain by a skeletal warrior

Illustrated notes

Levels and vault maps discovered:
D:1:      tarquinn_simple_flora_water_e, layout_loops_ring,
          ebering_ecumenical_altar_mist
D:2:      minmay_alternating_diamond, layout_basic, hangedman_decor_riveting,
          minmay_vboxes, uniq_sigmund, uniq_robin
D:3:      layout_basic
D:4:      layout_loops_ring, mainiacjoe_overflow_24_doors,
          nicolae_qazlal_style_of_elements, eat_drink_and_be_merry_uskayaw,
          lemuel_crystal_altar
D:5:      layout_basic, yredelemnul_forgotten_temple_becter,
          cheibrodos_sewer_entry_sluice, biasface_ghost_orc_armoury
D:6:      layout_gridville, lemuel_round_altar, old_standard_altar,
          lemuel_tele_altar, temple_green, uniq_eustachio, uniq_maggie
D:7:      layout_rooms, lemuel_blue_sif_altar, lightli_temple_of_fire,
          serial_shops, kennysheep_mini, amcnicky_mini_pool_small, worms_lemuel
D:8:      layout_cave_pods, david_lair_shrubbed, serial_shops,
          kennysheep_little_box, uniq_erica, uniq_pikel
D:9:      layout_grid_maze, riverfiend_overflow_shadow_ancestor,
          kennysheep_just_a_vault
D:10:     layout_roguey, elyvilon_altar_1, orc_0_dummy, uniq_sonja
D:11:     layout_irregular_city, serial_shops, nicolae_shop_waterfront,
          uniq_nergalle
D:12:     layout_basic
D:13:     layout_basic, serial_shops, shop, bh_hangedman_babel_library
D:14:     layout_cave_pods, hangedman_vaults_entry_quadrant_bands

Skill      XL: |  1  2  3  4  5  6  7  8  9 10 11 12 13 |
---------------+----------------------------------------+-----
Axes           | 3 4 |  4.3
Armour         | 1 2 3 4 5 6 7 |  7.4
Fighting       | 4 5 6 7 8 9 |  9.0
Dodging        | 3 4 5 |  5.7
Maces & Flails | 2 3 4 6 7 |  7.2
Throwing       | 1 |  1.6
Poison Magic   | 1 2 4 5 6 7 8 |  8.6
Crossbows      | 1 2 |  2.9
Invocations    | 3 5 6 8 |  8.4
Shields        | 1 2 3 |  3.4
Polearms       | 3 6 8 |  8.8
Stealth        | 3 |  3.6
Spellcasting   | |  0.7
Conjurations   | |  0.8
Transmutations | |  0.1
Fire Magic     | |  0.3
Air Magic      | |  0.3

Action                   |  1- 3 |  4- 6 |  7- 9 | 10-12 | 13-15 || total
-------------------------+-------+-------+-------+-------+-------++-------
Melee: Hand axe          |   137 |    24 |    63 |       |       ||   224
       Whip              |       |   284 |   512 |     1 |       ||   797
       Glaive            |       |       |     9 |   348 |     7 ||   364
 Fire: Hand crossbow     |       |       |    22 |     2 |       ||    24
       Triple crossbow   |       |       |       |    12 |       ||    12
Throw: Stone             |    29 |    25 |     6 |       |       ||    60
       Dart              |       |       |     2 |     2 |       ||     4
 Cast: Mephitic Cloud    |       |       |       |     4 |     1 ||     5
       Ignite Poison     |       |       |       |     2 |       ||     2
  Use: Scroll            |     4 |     6 |     7 |     5 |       ||    22
       Potion            |       |       |     3 |     1 |       ||     4
 Stab: Sleeping          |     3 |       |       |       |       ||     3
       Confused          |       |       |       |     1 |       ||     1
Armor: Robe              |    18 |       |       |       |       ||    18
       Leather armour    |    17 |       |       |       |       ||    17
       Ring mail         |     9 |    45 |    13 |       |       ||    67
       Chain mail        |       |   101 |   196 |       |       ||   297
       Scale mail        |       |       |    39 |    54 |       ||    93
       Troll leather arm |       |       |       |   111 |     3 ||   114
Dodge: Dodged            |    92 |   138 |   289 |   401 |     4 ||   924
       Repelled          |       |       |       |     7 |       ||     7
Block: Other             |       |       |    20 |    90 |     6 ||   116
